[Event "Titled Tuesday Blitz August 22 Early 2023"]
[White "Slovineanu, Viacheslav"]
[Black "Estrada Nieto, Julian"]
[WhiteFideId "13900510"]
[BlackFideId "5101018"]
[WhiteElo "2397"]
[BlackElo "2521"]
[Result "0-1"]
[Round "11"]
[TimeControl "180+1"]
[Date "2023.08.22"]
[WhiteClock "0:00:03"]
[BlackClock "0:00:32"]
[Board "93"]

1. d4 d5 2. Nf3 Nf6 3. c4 dxc4 4. e3 e6 5. Bxc4 a6 6. O-O c5 7. dxc5 Bxc5 8. Qxd8+ Kxd8 9. Nbd2 Nbd7 10. Be2 Ke7 11. Ne1 Ne5 12. Ndf3 Nfd7 13. Nxe5 Nxe5 14. f4 Nc6 15. Nd3 Ba7 16. Kf2 Rd8 17. b3 Bd7 18. Ba3+ Ke8 19. Nc5 Bxc5 20. Bxc5 Ne7 21. Bf3 Bc6 22. Bxe7 Kxe7 23. Bxc6 bxc6 24. Ke2 a5 25. Rfc1 Rd6 26. a4 Rb8 27. Rab1 Kd7 28. Rc5 Rd5 29. Rbc1 Rb6 30. Rxd5+ exd5 31. Rc5 Ra6 32. Kd3 Kd6 33. Rc3 Rb6 34. e4 dxe4+ 35. Kxe4 Rb4+ 36. Ke3 f5 37. g3 h6 38. Kd3 g5 39. fxg5 hxg5 40. Kc2 f4 41. Rf3 Ke5 42. Rc3 Kd5 43. h4 fxg3 44. hxg5 Rg4 45. Rd3+ Ke4 46. Rd1 g2 47. Rg1 Kf3 0-1


[Site "https://www.chess.com"]

[Event "Titled Tuesday Blitz August 22 Early 2023"]
[White "Yurasova, Daria"]
[Black "Glavina, Pablo"]
[WhiteFideId "34146919"]
[BlackFideId "100234"]
[WhiteElo "2496"]
[BlackElo "2510"]
[Result "1-0"]
[Round "11"]
[TimeControl "180+1"]
[Date "2023.08.22"]
[WhiteClock "0:00:09"]
[BlackClock "0:01:03"]
[Board "94"]

1. d4 Nf6 2. Bg5 c5 3. d5 d6 4. Bxf6 exf6 5. e4 g6 6. Nd2 Bg7 7. c3 O-O 8. Bd3 Re8 9. Ne2 Nd7 10. O-O Ne5 11. Bc2 b5 12. h3 a5 13. a4 b4 14. f4 Nd7 15. Nc4 Ba6 16. Nxd6 Rf8 17. Bd3 Qb6 18. Bxa6 Qxd6 19. Bb5 Nb6 20. Nc1 Rad8 21. Nb3 f5 22. Nxa5 Qc7 23. Nc6 Rd6 24. a5 fxe4 25. axb6 Qxb6 26. Ra6 Qb7 27. c4 Bxb2 28. f5 Bg7 29. Qb1 e3 30. Qe4 Kh8 31. fxg6 hxg6 32. Qh4+ Bh6 33. Qxh6+ Kg8 34. Qxe3 Qc7 35. Ne7+ Kh7 36. Rxd6 Qxd6 37. Nc6 f5 38. Qf3 Ra8 39. Re1 Kh6 40. Qe3+ f4 41. Qe6 Qc7 42. Ne7 1-0


[Site "https://www.chess.com"]

[Event "Titled Tuesday Blitz August 22 Early 2023"]
[White "Pax-Pramana"]
[Black "laidfrq"]
[WhiteElo "2506"]
[BlackElo "2378"]
[Result "0-1"]
[Round "11"]
[TimeControl "180+1"]
[Date "2023.08.22"]
[WhiteClock "0:00:21"]
[BlackClock "0:01:31"]
[Board "95"]

1. e4 c5 2. Nf3 e6 3. b3 b6 4. Bb2 Bb7 5. Nc3 Nf6 6. Qe2 Be7 7. Rg1 d5 8. e5 Nfd7 9. d4 a6 10. O-O-O Nc6 11. dxc5 bxc5 12. Na4 O-O 13. g4 Nb6 14. Nxb6 Qxb6 15. Qe3 d4 16. Qf4 a5 17. Bd3 a4 18. Nd2 Nb4 19. Nc4 Nxa2+ 20. Kb1 Qb4 21. Kxa2 axb3+ 22. Kb1 bxc2+ 23. Kxc2 Ba6 24. Qe4 g6 25. Qe2 Rfb8 26. Rb1 Bg5 27. Rg3 Qb3# 0-1


[Site "https://www.chess.com"]

[Event "Titled Tuesday Blitz August 22 Early 2023"]
[White "Pavlidou, Ekaterini"]
[Black "Kovalevsky, Stanislav"]
[WhiteFideId "4213262"]
[BlackFideId "13508598"]
[WhiteElo "2374"]
[BlackElo "2503"]
[Result "0-1"]
[Round "11"]
[TimeControl "180+1"]
[Date "2023.08.22"]
[WhiteClock "0:00:00"]
[BlackClock "0:00:04"]
[Board "96"]

1. d4 d5 2. c4 c6 3. Nf3 Nf6 4. Nc3 dxc4 5. a4 Bf5 6. e3 e6 7. Bxc4 Bb4 8. O-O O-O 9. Re1 Ne4 10. Qb3 Qa5 11. Bd2 Nxd2 12. Nxd2 Nd7 13. e4 Bg6 14. Bd3 e5 15. Nc4 Bxc3 16. Nxa5 Bxa5 17. Qxb7 Bxe1 18. Qxd7 Rad8 19. Qh3 Bb4 20. dxe5 Rd4 21. f3 Rxd3 22. e6 fxe6 23. Qxe6+ Bf7 24. Qxc6 Rfd8 25. h4 Bd2 26. Qc7 Be3+ 27. Kh2 Bb6 28. Qc6 Rd2 29. a5 Be3 30. Qc7 R2d7 31. Qe5 Bd4 32. Qf5 Bxb2 33. Rb1 Rd2 34. a6 h6 35. Qa5 Bf6 36. Rb7 Bxh4 37. Rxf7 Kxf7 38. Qh5+ Kg8 39. Qxh4 R2d6 40. Qe7 R8d7 41. Qe8+ Kh7 42. e5 Rd2 43. e6 R7d5 44. e7 Re5 45. Qf8 Rde2 46. e8=Q Rxe8 47. Qf5+ Kh8 48. Qc5 R8e7 49. Qc8+ Kh7 50. Qf5+ Kg8 51. Qc8+ Re8 52. Qc4+ Kh8 53. Kg3 R2e7 54. Qc5 Kg8 55. Kf4 Kf7 56. Kf5 g6+ 57. Kf4 Re6 58. Kg3 R8e7 59. Qc4 Kg7 60. Kh3 h5 61. Kg3 Kh7 62. Kh3 Kh6 63. Kg3 g5 64. Kh3 Rf6 65. Kg3 Ree6 66. Qd4 Rxa6 67. Qd7 Rae6 68. Qxa7 Re1 69. Kh2 h4 70. Qd4 Ree6 71. Qd8 Kg6 72. Qg8+ Kf5 73. Qh7+ Rg6 74. Qf7+ Ref6 75. Qd7+ Ke5 76. Qf7 Rxf7 0-1


[Site "https://www.chess.com"]

[Event "Titled Tuesday Blitz August 22 Early 2023"]
[White "Warchol, Kamil"]
[Black "kaanadayhamle"]
[WhiteFideId "21858241"]
[WhiteElo "2501"]
[BlackElo "2359"]
[Result "0-1"]
[Round "11"]
[TimeControl "180+1"]
[Date "2023.08.22"]
[WhiteClock "0:00:00"]
[BlackClock "0:01:04"]
[Board "97"]

1. e4 c6 2. c4 d5 3. cxd5 cxd5 4. exd5 Nf6 5. Nc3 Nxd5 6. Nf3 Nxc3 7. bxc3 Nc6 8. d4 e6 9. Bd3 Bd6 10. Qc2 Qc7 11. O-O b6 12. Re1 Ne7 13. Ne5 Bxe5 14. Rxe5 Bb7 15. Bf4 Qd7 16. Rae1 Ng6 17. Bb5 Bc6 18. Bxc6 Qxc6 19. d5 Qb7 20. Qa4+ b5 21. Qb4 Nxe5 22. Rxe5 a5 23. Qd6 Qd7 24. Qc5 Rc8 25. Qa3 b4 26. cxb4 O-O 27. bxa5 exd5 28. h3 Rc4 29. Bg3 Ra4 30. Qc3 d4 31. Qd3 Rxa2 32. a6 Qa4 33. Kh2 Ra3 34. Qd2 d3 35. Re7 Qxa6 36. Rd7 Ra2 37. Qxd3 Qxd3 38. Rxd3 Ra7 39. Rf3 f6 40. Bf4 Kf7 41. Be3 Rb7 42. Bf4 Re8 43. Bg3 g5 44. Kg1 Kg6 45. Kh2 f5 46. Ra3 f4 47. Ra6+ Kg7 0-1


[Site "https://www.chess.com"]

[Event "Titled Tuesday Blitz August 22 Early 2023"]
[White "Mazurkiewicz, Michal"]
[Black "Juicy_Fork"]
[WhiteFideId "1124943"]
[WhiteElo "2500"]
[BlackElo "2352"]
[Result "0-1"]
[Round "11"]
[TimeControl "180+1"]
[Date "2023.08.22"]
[WhiteClock "0:00:59"]
[BlackClock "0:01:43"]
[Board "98"]

1. e4 e5 2. Nf3 Nc6 3. Bb5 a6 4. Bxc6 dxc6 5. O-O Bg4 6. h3 Bh5 7. g4 Bg6 8. Nxe5 Bd6 9. Nf3 Qd7 10. e5 Be7 11. Kg2 O-O-O 12. d3 h5 13. g5 f6 14. Bf4 h4 15. Nbd2 Bh5 16. Qe1 fxg5 17. Nxg5 Nh6 18. e6 Qd5+ 19. Qe4 Bxg5 20. Bxg5 Qxg5+ 21. Kh1 Qxd2 22. f4 Qe2 23. Qb4 Bf3+ 24. Rxf3 Qxf3+ 25. Kg1 Qg3+ 0-1


[Site "https://www.chess.com"]

[Event "Titled Tuesday Blitz August 22 Early 2023"]
[White "Perez, Maximiliano"]
[Black "Coelho, Ramyres Santana"]
[WhiteFideId "117234"]
[BlackFideId "2120690"]
[WhiteElo "2498"]
[BlackElo "2342"]
[Result "0-1"]
[Round "11"]
[TimeControl "180+1"]
[Date "2023.08.22"]
[WhiteClock "0:00:33"]
[BlackClock "0:00:08"]
[Board "99"]

1. e4 c5 2. Nf3 d6 3. d4 cxd4 4. Nxd4 Nf6 5. Nc3 a6 6. Be3 e6 7. Be2 Be7 8. g4 O-O 9. g5 Nfd7 10. h4 Qc7 11. Qd2 Nc6 12. O-O-O Rb8 13. f4 b5 14. Nxc6 Qxc6 15. a3 b4 16. axb4 Rxb4 17. Nd5 exd5 18. Qxb4 dxe4 19. Bc4 Nc5 20. Bd5 Qc7 21. Bxc5 dxc5 22. Qxe4 g6 23. Qc4 Bd6 24. h5 Bxf4+ 25. Kb1 Bxg5 26. hxg6 hxg6 27. Qe4 Kg7 28. Rdg1 Bf6 29. Qe3 Bd4 30. Qh6+ Kf6 31. Rf1+ Ke7 32. Bxf7 Rxf7 33. Rxf7+ Kxf7 34. Qh7+ Bg7 35. Rf1+ Bf5 36. Qh4 Qe5 37. Qc4+ Kf8 38. Qb3 c4 39. Qb4+ Kg8 40. Re1 Qd5 41. Qb8+ Kh7 42. Qh2+ Kg8 43. Re8+ Kf7 44. Qe2 Be6 45. Rb8 Qe5 46. Rb7+ Kg8 47. Qf1 Bf6 48. Rb6 Kf7 49. Rb7+ Ke8 50. Qh1 Bd5 51. Qg1 Bxb7 52. Qxg6+ Ke7 0-1


[Site "https://www.chess.com"]

[Event "Titled Tuesday Blitz August 22 Early 2023"]
[White "Cagara, Paulina"]
[Black "Albertini, Luca"]
[WhiteFideId "1124870"]
[BlackFideId "847038"]
[WhiteElo "2183"]
[BlackElo "2392"]
[Result "0-1"]
[Round "11"]
[TimeControl "180+1"]
[Date "2023.08.22"]
[WhiteClock "0:00:00"]
[BlackClock "0:00:32"]
[Board "100"]

1. e4 e5 2. Nf3 Nc6 3. c3 Nf6 4. d4 exd4 5. e5 Ne4 6. Qe2 d5 7. exd6 f5 8. dxc7 Qxc7 9. Nbd2 dxc3 10. Nxe4 fxe4 11. Qxe4+ Be7 12. Bc4 cxb2 13. Bxb2 Qa5+ 14. Nd2 Bf5 15. Qd5 Qxd5 16. Bxd5 O-O-O 17. Bxc6 bxc6 18. O-O-O Bg5 19. Bxg7 Rhe8 20. h4 Bf4 21. g3 Bd6 22. Nc4 Bc5 23. Rxd8+ Kxd8 24. Rd1+ Kc7 25. Be5+ Kb7 26. Bd4 Bb4 27. a3 Re2 28. axb4 Rc2+ 29. Kb1 Rxc4+ 30. Kb2 Rxb4+ 31. Kc3 Ra4 32. Bc5 Ra2 33. Re1 Rc2+ 34. Kb4 a5+ 35. Kxa5 Rxc5+ 36. Kb4 Rb5+ 37. Kc4 Kb6 38. f3 Rb2 39. g4 Bg6 40. h5 Bf7+ 41. Kd4 Bd5 42. f4 Rf2 43. Ke5 Bf3 44. Rb1+ Kc7 45. Rg1 Re2+ 46. Kf5 c5 47. h6 c4 48. g5 Be4+ 49. Kf6 Rf2 50. Ke5 Bd3 51. Rc1 Kc6 52. Ra1 Kb5 53. Ra8 Re2+ 54. Kf6 Re4 55. Rb8+ Kc6 56. f5 Rf4 57. g6 Rxf5+ 58. Kg7 Rg5 59. Kxh7 Rxg6 0-1


[Site "https://www.chess.com"]

[Event "Titled Tuesday Blitz August 22 Early 2023"]
[White "Budrewicz, Krzysztof"]
[Black "Miguelitro69"]
[WhiteFideId "1127950"]
[WhiteElo "2534"]
[BlackElo "2289"]
[Result "1-0"]
[Round "11"]
[TimeControl "180+1"]
[Date "2023.08.22"]
[WhiteClock "0:01:21"]
[BlackClock "0:01:02"]
[Board "101"]

1. d4 Nf6 2. c4 d6 3. Nc3 g6 4. e4 Bg7 5. Be2 O-O 6. Bg5 Nbd7 7. Qd2 e5 8. d5 a5 9. f3 Nc5 10. g4 Bd7 11. h4 Qc8 12. h5 Nxg4 13. fxg4 Bxg4 14. hxg6 fxg6 15. O-O-O Rf2 16. Qe3 Bxe2 17. Ngxe2 Qf8 18. Rh3 h5 19. Rdh1 Kh7 20. Kd2 Qf7 21. R1h2 Rxh2 22. Rxh2 Rf8 23. b3 Qf1 24. Qg1 Qf3 25. Qg3 Qxe4 26. Nxe4 Nxe4+ 27. Ke3 Nxg3 28. Nxg3 b5 29. cxb5 Rb8 30. a4 Rf8 31. Ne4 Rf5 32. Rc2 Rf7 33. Rc6 h4 34. Bxh4 Kh6 35. Bg5+ Kh5 36. b6 cxb6 37. Rxd6 Kg4 38. Rxg6 Rf3+ 39. Ke2 Rf7 40. Bf6+ Kf5 41. Rxg7 Rxg7 42. Bxg7 Kxe4 43. d6 1-0


[Site "https://www.chess.com"]

[Event "Titled Tuesday Blitz August 22 Early 2023"]
[White "Karamsetty, Jeevan"]
[Black "ExchangeAB"]
[WhiteFideId "2025337"]
[WhiteElo "2514"]
[BlackElo "2418"]
[Result "1-0"]
[Round "11"]
[TimeControl "180+1"]
[Date "2023.08.22"]
[WhiteClock "0:01:06"]
[BlackClock "0:00:13"]
[Board "102"]

1. e4 c6 2. d4 d5 3. Nc3 dxe4 4. Nxe4 Nf6 5. Nxf6+ exf6 6. Nf3 Bd6 7. Be3 O-O 8. Be2 Bf5 9. O-O h6 10. Bd3 Qd7 11. Bxf5 Qxf5 12. c3 Nd7 13. Qb3 Nb6 14. c4 c5 15. Rfd1 Rfd8 16. a4 Qc8 17. dxc5 Bxc5 18. Rxd8+ Qxd8 19. Bxc5 Nd7 20. Rd1 Qc7 21. Be3 b6 22. h3 Rc8 23. Qb5 Nf8 24. b3 Qb7 25. Qf5 Re8 26. Qd5 Qe7 27. a5 Qa3 28. axb6 axb6 29. Qb5 Rb8 30. Bxb6 Ne6 31. c5 Nf4 32. Qc4 g5 33. c6 Ne6 34. c7 Nxc7 35. Qxc7 1-0


[Site "https://www.chess.com"]

[Event "Titled Tuesday Blitz August 22 Early 2023"]
[White "matenitian"]
[Black "Pein, Jonathan"]
[BlackFideId "417092"]
[WhiteElo "2495"]
[BlackElo "2418"]
[Result "0-1"]
[Round "11"]
[TimeControl "180+1"]
[Date "2023.08.22"]
[WhiteClock "0:00:01"]
[BlackClock "0:00:10"]
[Board "103"]

1. e4 e5 2. Nf3 d6 3. Bc4 Nf6 4. Nc3 Be7 5. O-O O-O 6. h3 c6 7. a4 Nbd7 8. d4 exd4 9. Qxd4 Re8 10. Ng5 Ne5 11. Bb3 h6 12. f4 hxg5 13. fxe5 dxe5 14. Qxe5 g4 15. hxg4 Bxg4 16. Be3 Qd6 17. Qg5 Nd5 18. Qxg4 Nxe3 19. Bxf7+ Kf8 20. Qh3 Nxf1 21. Rxf1 Bf6 22. Bg6 Red8 23. Qh5 Ke7 24. e5 Qd4+ 25. Rf2 Bxe5 26. Ne4 Qd1+ 27. Qxd1 Rxd1+ 28. Rf1 Bd4+ 29. Nf2 Bxf2+ 30. Kxf2 Rf8+ 0-1


[Site "https://www.chess.com"]

[Event "Titled Tuesday Blitz August 22 Early 2023"]
[White "Khamdamova, Afruza"]
[Black "Melikhov, Evgeny V."]
[WhiteFideId "14210444"]
[BlackFideId "4122046"]
[WhiteElo "2490"]
[BlackElo "2402"]
[Result "1-0"]
[Round "11"]
[TimeControl "180+1"]
[Date "2023.08.22"]
[WhiteClock "0:00:04"]
[BlackClock "0:00:03"]
[Board "104"]

1. Nf3 f5 2. g3 Nf6 3. Bg2 g6 4. d4 Bg7 5. O-O O-O 6. c4 d6 7. Bf4 Nh5 8. Bd2 e5 9. Bc3 e4 10. Ne1 c6 11. e3 Nf6 12. Nd2 a5 13. Qc2 Na6 14. a3 Nc7 15. b4 axb4 16. axb4 Rxa1 17. Bxa1 Bd7 18. Qb3 Kh8 19. Nc2 g5 20. Rb1 Qe8 21. Na3 Qh5 22. b5 Ng4 23. h3 Nf6 24. bxc6 bxc6 25. Qb7 Ne6 26. d5 Nc5 27. Qc7 cxd5 28. Qxd6 Nb7 29. Qc7 f4 30. Bxf6 Rxf6 31. Rxb7 fxg3 32. Qxd7 gxf2+ 33. Kh2 Bf8 34. c5 g4 35. Qxg4 Qxg4 36. hxg4 Bxc5 37. g5 Rg6 38. Nc2 Rxg5 39. Nf1 Bd6+ 40. Kh3 h5 41. Rd7 Bc5 42. Nd4 Bxd4 43. exd4 Rg4 44. Rxd5 Rf4 45. Rxh5+ Kg7 46. Ne3 Kg6 47. Rh4 Rf8 48. Bxe4+ Kg5 49. Rg4+ Kh5 50. Bg2 Kh6 51. Kg3 Re8 52. Kxf2 Ra8 53. Kg3 Ra3 54. Kf4 Ra2 55. Be4 Rf2+ 56. Ke5 Kh5 57. Rg8 Kh4 58. Nf5+ Kh3 59. Rh8+ Kg4 60. Ne3+ Kg5 61. Rg8+ Kh4 62. Rg4+ Kh5 63. d5 Re2 64. Rg3 Kh4 65. Nf5+ Kh5 66. Rh3+ Kg4 67. Rh4+ Kg5 68. Rh1 Rd2 69. d6 Kg4 70. Rg1+ Kh3 71. Rg3+ Kh2 72. Rg2+ Rxg2 73. Bxg2 Kxg2 74. d7 Kf3 75. d8=Q Kg4 76. Qd4+ Kf3 77. Qe4+ Kf2 78. Qe3+ Kf1 79. Qd2 Kg1 80. Kf4 Kh1 81. Kg3 Kg1 82. Qe1# 1-0


[Site "https://www.chess.com"]

[Event "Titled Tuesday Blitz August 22 Early 2023"]
[White "Zeck_CH"]
[Black "slidingknight2775"]
[WhiteElo "2418"]
[BlackElo "2480"]
[Result "0-1"]
[Round "11"]
[TimeControl "180+1"]
[Date "2023.08.22"]
[WhiteClock "0:00:00"]
[BlackClock "0:00:09"]
[Board "105"]

1. e4 c5 2. Nf3 d6 3. Bb5+ Nd7 4. O-O a6 5. Bxd7+ Bxd7 6. d4 cxd4 7. Qxd4 e5 8. Qd3 h6 9. c4 b5 10. Nc3 bxc4 11. Qxc4 Nf6 12. Rd1 Be6 13. Qe2 Qb6 14. Be3 Qb7 15. Qc2 Be7 16. h3 O-O 17. Nd2 Rfc8 18. Rdb1 d5 19. exd5 Nxd5 20. Nf1 Nxe3 21. Nxe3 Bc5 22. Qe2 Bd4 23. Ncd1 Rab8 24. a3 Qb3 25. Rc1 a5 26. Qd2 a4 27. Rxc8+ Rxc8 28. Rc1 Rxc1 29. Qxc1 h5 30. Qd2 g6 31. Kh2 Kg7 32. Kg1 Qb6 33. Nc3 Qc6 34. Ne2 Qb6 35. Nc3 f5 36. Nxa4 Qb3 37. Nc3 f4 38. Ned1 f3 39. Ne3 fxg2 40. Kxg2 Qb7+ 41. Kh2 Qf3 42. Qe2 Qxh3+ 43. Kg1 Qh4 44. Qf3 Qg5+ 45. Kf1 h4 46. Ne4 Qf4 47. Ke2 Bxb2 48. a4 h3 49. Nf1 Bd4 50. Qxf4 exf4 51. Kf3 Be5 52. Ng5 Bd5+ 53. Kg4 Kf6 54. Nxh3 Be6+ 55. Kh4 Kf5 56. Nh2 Bf6+ 57. Ng5 Bxg5+ 58. Kh3 Ke4+ 59. Kg2 Bd5 60. a5 Kf5+ 61. f3 Bb7 62. Nf1 Bd8 63. Nd2 Bxa5 64. Nc4 Bc7 65. Kf2 g5 66. Nd2 g4 67. fxg4+ Kxg4 68. Nf1 Bb6+ 69. Ke1 Ba5+ 70. Kf2 Ba6 71. Nh2+ Kf5 72. Nf3 Bb6+ 73. Ke1 Kg4 74. Ne5+ Kg3 75. Kd2 Bc7 76. Nc6 f3 77. Nd4 f2 78. Ne2+ Bxe2 79. Kxe2 Kg2 80. Ke3 f1=Q 81. Kd4 Qf4+ 0-1


[Site "https://www.chess.com"]

[Event "Titled Tuesday Blitz August 22 Early 2023"]
[White "Berezin, Viktor"]
[Black "Efremov, Vladislav"]
[WhiteFideId "14107872"]
[BlackFideId "44159935"]
[WhiteElo "2473"]
[BlackElo "2379"]
[Result "0-1"]
[Round "11"]
[TimeControl "180+1"]
[Date "2023.08.22"]
[WhiteClock "0:01:36"]
[BlackClock "0:01:31"]
[Board "106"]

1. Nf3 Nf6 2. g3 g6 3. Bg2 Bg7 4. O-O O-O 5. d4 d5 6. c4 c6 7. cxd5 cxd5 8. Nc3 Nc6 9. Ne5 e6 10. Nxc6 bxc6 11. b3 Re8 12. Bb2 Ba6 13. Re1 Rc8 14. Na4 Nd7 15. Rc1 c5 16. dxc5 Bxb2 17. Nxb2 Rxc5 18. Na4 Rxc1 19. Qxc1 Qc8 20. Qe3 Qb8 21. Bf3 Rc8 22. Rc1 Ne5 23. Rxc8+ Bxc8 24. Kg2 Qc7 25. Nc5 h5 26. Qd4 Nd7 27. Nd3 Bb7 28. Qxa7 e5 29. Bxd5 Bxd5+ 0-1


[Site "https://www.chess.com"]

[Event "Titled Tuesday Blitz August 22 Early 2023"]
[White "Ziatdinov, Raset"]
[Black "Szyszylo, Rafal"]
[WhiteFideId "2015323"]
[BlackFideId "1109626"]
[WhiteElo "2367"]
[BlackElo "2461"]
[Result "1-0"]
[Round "11"]
[TimeControl "180+1"]
[Date "2023.08.22"]
[WhiteClock "0:00:07"]
[BlackClock "0:00:00"]
[Board "107"]

1. d4 d6 2. c4 g6 3. g3 Nf6 4. Nf3 Bg7 5. Bg2 O-O 6. O-O Nc6 7. Nc3 a6 8. d5 Na5 9. Nd2 c5 10. Qc2 Rb8 11. Rb1 b5 12. b3 e5 13. e4 Nh5 14. Qd1 f5 15. exf5 Bxf5 16. Be4 Bh3 17. Bg2 Qd7 18. Qe2 bxc4 19. bxc4 Rxb1 20. Ncxb1 Bg4 21. f3 Bf5 22. Nc3 Bh3 23. Nde4 Bxg2 24. Kxg2 h6 25. Be3 Kh7 26. Rf2 Nb7 27. Qd2 Nd8 28. Rf1 Nf7 29. Qc2 Kg8 30. Nd2 Nh8 31. Nde4 Kh7 32. Qb1 Qc7 33. Qc2 Rb8 34. Rb1 Rxb1 35. Qxb1 Nf6 36. Nxf6+ Bxf6 37. Ne4 Be7 38. h4 Kg7 39. Kh2 Nf7 40. Kg2 Nd8 41. Kh2 Nb7 42. h5 gxh5 43. Kg2 Nd8 44. Qh1 Nf7 45. Qxh5 Bg5 46. Nxg5 hxg5 47. Bxg5 Qb6 48. Qg4 Qb2+ 49. Kh3 Nxg5+ 50. Qxg5+ Kf7 51. Qf5+ Kg7 52. Qe6 Qd4 53. Qe7+ Kg8 54. Qxd6 Qxc4 55. Qe6+ Kf8 56. Qxe5 Qf1+ 57. Kg4 c4 58. d6 1-0


[Site "https://www.chess.com"]

[Event "Titled Tuesday Blitz August 22 Early 2023"]
[White "Tiarks, Jann-Christian"]
[Black "Shuvalov, Evgenij"]
[WhiteFideId "12951595"]
[BlackFideId "4187237"]
[WhiteElo "2326"]
[BlackElo "2461"]
[Result "1-0"]
[Round "11"]
[TimeControl "180+1"]
[Date "2023.08.22"]
[WhiteClock "0:00:19"]
[BlackClock "0:00:21"]
[Board "108"]

1. e4 e6 2. d4 d5 3. exd5 exd5 4. Nf3 Nf6 5. Bd3 c5 6. dxc5 Bxc5 7. O-O O-O 8. c3 Nc6 9. h3 Ne4 10. Nbd2 f5 11. Nb3 Bb6 12. Nbd4 Qd6 13. a4 a6 14. Be3 Bc7 15. Qb3 Kh8 16. Nxc6 bxc6 17. Bd4 Ng5 18. Ne5 c5 19. f4 Ne6 20. Be3 c4 21. Nxc4 dxc4 22. Bxc4 Rb8 23. Qc2 Bb6 24. Rae1 Nxf4 25. Bxb6 Qxb6+ 26. Kh1 Ng6 27. b4 Qc7 28. Bd3 Ne5 29. Bxf5 Bxf5 30. Rxf5 Nc4 31. Rc5 Qf7 32. Qd3 Nb6 33. Qxa6 Nd7 34. Rc7 Qf2 35. Qe2 Qxe2 36. Rxe2 Nb6 37. a5 Nd5 38. Rc5 Nf4 39. Rd2 h6 40. Kh2 Ne6 41. Rc6 Ng5 42. Re2 Rfc8 43. Rxc8+ Rxc8 44. a6 Nf7 45. Re6 Ra8 46. b5 Kg8 47. c4 Nd8 48. Rd6 Kf8 49. Rd7 Ne6 50. Rb7 Ke8 51. a7 Nd8 52. Rxg7 Ne6 53. Rh7 Nf8 54. Rc7 Kd8 55. b6 Nd7 56. Rxd7+ Kxd7 57. b7 Rxa7 58. b8=Q Rc7 59. Qxc7+ Kxc7 60. Kg3 Kc6 61. Kh4 Kc5 62. Kh5 Kxc4 63. Kxh6 Kd5 64. g4 Ke5 65. g5 Kf4 66. g6 1-0


[Site "https://www.chess.com"]

[Event "Titled Tuesday Blitz August 22 Early 2023"]
[White "Zampronha, Wladimir Camilo"]
[Black "Mmukka"]
[WhiteFideId "2103087"]
[WhiteElo "2300"]
[BlackElo "2460"]
[Result "0-1"]
[Round "11"]
[TimeControl "180+1"]
[Date "2023.08.22"]
[WhiteClock "0:00:42"]
[BlackClock "0:00:20"]
[Board "109"]

1. e4 c5 2. Nf3 e6 3. d4 cxd4 4. Nxd4 a6 5. Nc3 Qc7 6. Be2 Nf6 7. O-O Nc6 8. Be3 Be7 9. Kh1 d6 10. f4 O-O 11. Nb3 b5 12. Bf3 Bb7 13. g4 b4 14. Ne2 a5 15. g5 Nd7 16. Bg2 a4 17. Nbd4 Nxd4 18. Nxd4 Nc5 19. f5 e5 20. f6 exd4 21. Bxd4 Nxe4 22. fxe7 Qxe7 23. Qg4 d5 24. h4 Qd6 25. Rf3 Rae8 26. h5 Bc8 27. Qh4 Qe7 28. Bf6 gxf6 29. gxf6 Qe5 30. Raf1 Kh8 31. Qe1 Rg8 32. Qxb4 Qxh5+ 33. Rh3 Bxh3 0-1


[Site "https://www.chess.com"]

[Event "Titled Tuesday Blitz August 22 Early 2023"]
[White "Ai, Evan"]
[Black "Womacka, Mathias"]
[WhiteFideId "2094770"]
[BlackFideId "4611390"]
[WhiteElo "2275"]
[BlackElo "2451"]
[Result "0-1"]
[Round "11"]
[TimeControl "180+1"]
[Date "2023.08.22"]
[WhiteClock "0:00:00"]
[BlackClock "0:00:39"]
[Board "110"]

1. e4 c5 2. Nf3 d6 3. d4 cxd4 4. Nxd4 Nf6 5. Nc3 a6 6. h3 e5 7. Nf3 Be7 8. g4 h6 9. g5 hxg5 10. Nxg5 b5 11. Rg1 Bb7 12. Be3 Nbd7 13. a4 b4 14. Bc4 O-O 15. Nd5 Rc8 16. b3 Nxd5 17. Bxd5 Bxd5 18. exd5 Bxg5 19. Bxg5 f6 20. Be3 Qc7 21. Bh6 Rf7 22. Qd3 Qxc2 23. Qxc2 Rxc2 24. Rc1 Rxc1+ 25. Bxc1 Nc5 26. Bd2 a5 27. Rg3 f5 28. Rg6 Rd7 29. Rg5 Nxb3 30. Rxf5 Nc5 31. Kd1 Nxa4 32. Kc2 Nb6 33. f4 exf4 34. Bxf4 Rf7 0-1


[Site "https://www.chess.com"]

[Event "Titled Tuesday Blitz August 22 Early 2023"]
[White "le-castor-faineant"]
[Black "Begunov, Konstantin"]
[BlackFideId "4118510"]
[WhiteElo "2269"]
[BlackElo "2435"]
[Result "0-1"]
[Round "11"]
[TimeControl "180+1"]
[Date "2023.08.22"]
[WhiteClock "0:00:00"]
[BlackClock "0:00:05"]
[Board "111"]

1. e4 c5 2. Nf3 d6 3. d4 cxd4 4. Nxd4 Nf6 5. Nc3 a6 6. Be3 Ng4 7. Bc1 Nc6 8. f3 Qb6 9. Nce2 Nge5 10. Nxc6 Nxc6 11. c3 g6 12. Nf4 Bg7 13. Nd5 Qd8 14. Bc4 b5 15. Bb3 Na5 16. O-O Nxb3 17. axb3 Bb7 18. Be3 O-O 19. Bd4 Bxd5 20. Bxg7 Bxb3 21. Qd4 e5 22. Qb4 Qb6+ 23. Kh1 Kxg7 24. Qxb3 Rfd8 25. Rfd1 Qc6 26. Rd5 Rab8 27. Qa3 Rb6 28. Rad1 h6 29. h3 h5 30. Kh2 h4 31. Rxe5 dxe5 32. Rxd8 Qf6 33. Qf8+ Kh7 34. Qg8+ Kh6 35. Qh8+ Qxh8 36. Rxh8+ Kg5 37. Rd8 a5 38. Rd5 f6 39. Kg1 a4 40. Kf2 b4 41. cxb4 Rxb4 42. Rd2 Rb3 43. Rc2 Kf4 44. Kf1 Kg3 45. Re2 Rd3 46. Rc2 Rd1+ 47. Ke2 Rg1 48. Rc6 Rxg2+ 49. Ke3 f5 50. Rxg6+ Kxh3 51. Rxg2 Kxg2 52. exf5 h3 53. f6 h2 54. f7 h1=Q 55. f8=Q Qc1+ 56. Ke4 Qxb2 57. Qg7+ Kf2 58. Qa7+ Kg2 59. Qxa4 Qe2+ 60. Kd5 Kxf3 61. Qb3+ Kg2 62. Qc3 e4 63. Kd4 Kf2 64. Qc6 Qd3+ 65. Ke5 e3 66. Qf6+ Ke1 67. Qh4+ Kd2 68. Qb4+ Ke2 69. Qb2+ Qd2 70. Qb5+ Ke1 71. Qb1+ Kf2 72. Qf5+ Ke1 73. Qb1+ Qd1 74. Qb4+ Kf2 75. Qf4+ Ke2 76. Qg4+ Kd2 77. Qd4+ Ke2 78. Qg4+ Ke1 79. Qg3+ Kd2 80. Qg2+ Qe2 81. Qd5+ Qd3 82. Qa2+ Ke1 83. Qa1+ Kf2 84. Qa7 Qc3+ 0-1


[Site "https://www.chess.com"]

[Event "Titled Tuesday Blitz August 22 Early 2023"]
[White "Carroll, Thomas"]
[Black "Hrescak, Ivana"]
[WhiteFideId "450111"]
[BlackFideId "14613441"]
[WhiteElo "2434"]
[BlackElo "2311"]
[Result "1-0"]
[Round "11"]
[TimeControl "180+1"]
[Date "2023.08.22"]
[WhiteClock "0:00:21"]
[BlackClock "0:00:00"]
[Board "112"]

1. c4 e5 2. Nc3 Nf6 3. g3 c6 4. d4 e4 5. d5 cxd5 6. cxd5 d6 7. Bg2 Bf5 8. Bg5 Be7 9. e3 h6 10. Bxf6 Bxf6 11. Nxe4 Bxe4 12. Bxe4 Bxb2 13. Rb1 Bc3+ 14. Kf1 O-O 15. Ne2 Bf6 16. Rxb7 Nd7 17. Bf5 Nc5 18. Rb1 Qa5 19. Qc2 g6 20. Bg4 h5 21. Bf3 Rfc8 22. Kg2 Na4 23. Qd3 Rc5 24. Nd4 Rc3 25. Qb5 Rc5 26. Qxa5 Rxa5 27. Nc6 Rc5 28. Rb7 Nc3 29. Rxa7 Rxa7 30. Nxa7 Nxd5 31. Rd1 Nc3 32. Rxd6 Kg7 33. Ra6 Nd5 34. Nc6 Nc7 35. Ra7 Nd5 36. a4 Rxc6 37. Bxd5 Rc2 38. Rxf7+ Kh6 39. Rxf6 1-0


[Site "https://www.chess.com"]

[Event "Titled Tuesday Blitz August 22 Early 2023"]
[White "Bueno, Alfeu Junior Varela"]
[Black "Kula, Robert"]
[WhiteFideId "2108879"]
[BlackFideId "1101218"]
[WhiteElo "2427"]
[BlackElo "2163"]
[Result "0-1"]
[Round "11"]
[TimeControl "180+1"]
[Date "2023.08.22"]
[WhiteClock "0:00:07"]
[BlackClock "0:01:17"]
[Board "113"]

1. e4 e5 2. Nc3 Nc6 3. Bc4 Nf6 4. d3 Be7 5. f4 O-O 6. Nf3 d6 7. O-O Be6 8. Bxe6 fxe6 9. fxe5 Nxe5 10. Nxe5 dxe5 11. Be3 Qe8 12. Qf3 a6 13. Qg3 Qh5 14. Rf3 Ng4 15. Rxf8+ Rxf8 16. h3 Nxe3 17. Qxe3 b6 18. Kh1 Bg5 19. Qg3 Bh4 20. Qg4 Qxg4 21. hxg4 Rf2 22. Re1 Rxc2 23. Re2 Rc1+ 24. Kh2 Be7 25. Kg3 Kf7 26. Rf2+ Kg6 27. Re2 Rh1 28. Kf2 Kg5 29. Kg3 Rh4 30. Nd1 Rxg4+ 31. Kf3 Rf4+ 32. Ke3 Rf1 33. Nf2 Kg6 34. Ng4 Bg5# 0-1


[Site "https://www.chess.com"]